PAAA
PAWNEE PARKSNREC @ ALASKAN HUMPBACKS
09/09/2017
 
TOP OF THE 1ST
Pawnee ParksNRec batting - Pitching for Alaskan Humpbacks : RHP Roberto Perea
Pitching: RHP Roberto Perea
Batting: RHB Jim Unknown 0-0: Called Strike
0-1: Foul Ball, location: 2F
0-2: Ball
1-2: Ground out 6-3 (Groundball, 6)
Batting: RHB Jim Unknown 0-0: Called Strike
0-1: Swinging Strike
0-2: Ball
1-2: Ball
2-2: Strikes out swinging
Batting: LHB Mike Gardner 0-0: DOUBLE (Line Drive, 78M)
Batting: RHB Jim Unknown 0-0: Fly out, F9 (Flyball, 9D)
Top of the 1st over - 0 run(s), 1 hit(s), 0 error(s), 1 left on base; Pawnee 0 - Alaskan 0
BOTTOM OF THE 1ST
Alaskan Humpbacks batting - Pitching for Pawnee ParksNRec : RHP Jim Unknown
Pitching: RHP Jim Unknown
Batting: RHB Akahele Kimokeo 0-0: Ball
1-0: Foul Ball, location: 2F
1-1: SINGLE (Groundball, 56D)
Batting: RHB Tom Gregg 0-0: Swinging Strike
0-1: Swinging Strike
0-2: Strikes out swinging
Batting: RHB Ricardo García 0-0: Ball
1-0: Called Strike
1-1: Ball
2-1: Ball
3-1: Called Strike
3-2: 2-RUN HOME RUN (Flyball, 89XD), Distance : 429 ft
Batting: RHB Jared Smith 0-0: Ball
1-0: Swinging Strike
1-1: Ball
2-1: Ball
3-1: SINGLE (Flyball, 8LS)
Batting: RHB Michael Collins 0-0: Ball
1-0: Ball
2-0: SINGLE (Groundball, 56)
Jared Smith to second
Batting: RHB Grant Waller 0-0: SINGLE (Line Drive, 56)
Jared Smith to third
Michael Collins to second
Runner from 3rd tries for Home, SAFE, throw made home
Michael Collins to third
Grant Waller to second
Batting: RHB Andrés Cota 0-0: Called Strike
0-1: Ball
1-1: Ball
2-1: SINGLE (Flyball, 7S)
Michael Collins scores
Grant Waller to third
Batting: LHB Thomas Kemp 0-0: Ball
1-0: Foul Ball, location: 2F
1-1: Foul Ball, location: 2F
1-2: Ball
2-2: Ball
3-2: Base on Balls
Andrés Cota to second
Batting: RHB Fernando Camacho 0-0: SINGLE (Groundball, 56D)
Grant Waller scores
Andrés Cota to third
Thomas Kemp to second
Runner from 3rd tries for Home, SAFE, throw made home
Pitching: RHP Jim Unknown
Batting: RHB Akahele Kimokeo 0-0: Called Strike
0-1: Called Strike
0-2: Strikes out swinging
Batting: RHB Tom Gregg 0-0: Ball
1-0: Swinging Strike
1-1: Foul Ball, location: 2F
1-2: Fly out, F3 (Popup, 3F)
Bottom of the 1st over - 6 run(s), 7 hit(s), 0 error(s), 2 left on base; Pawnee 0 - Alaskan 6
TOP OF THE 2ND
Pawnee ParksNRec batting - Pitching for Alaskan Humpbacks : RHP Roberto Perea
Batting: RHB Jim Unknown 0-0: Called Strike
0-1: Swinging Strike
0-2: Ball
1-2: Ball
2-2: Foul Ball, location: 2F
2-2: SINGLE (Line Drive, 4M)
Batting: LHB Jim Unknown 0-0: Called Strike
0-1: Foul Ball, location: 2F
0-2: Ball
1-2: Ball
2-2: 2-RUN HOME RUN (Flyball, 9LD), Distance : 357 ft
Batting: LHB Jim Unknown 0-0: Ball
1-0: Ball
2-0: Called Strike
2-1: Swinging Strike
2-2: Strikes out swinging
Batting: SHB Jim Unknown 0-0: Ball
1-0: Ball
2-0: Called Strike
2-1: Foul Ball, location: 2F
2-2: Ball
3-2: Base on Balls
Batting: LHB Jim Unknown 0-0: Ball
1-0: Ball
2-0: Foul Ball, location: 2F
2-1: Ball
3-1: Called Strike
3-2: Base on Balls
Jim Unknown to second
Batting: RHB Jim Unknown 0-0: Grounds into double play, 6-4-3 (Groundball, 6)
Top of the 2nd over - 2 run(s), 2 hit(s), 0 error(s), 1 left on base; Pawnee 2 - Alaskan 6
BOTTOM OF THE 2ND
Alaskan Humpbacks batting - Pitching for Pawnee ParksNRec : RHP Jim Unknown
Batting: RHB Ricardo García 0-0: Ball
1-0: Swinging Strike
1-1: Called Strike
1-2: Foul Ball, location: 2F
1-2: Ball
2-2: Ball
3-2: Ground out 3-1 (Groundball, 3)
Batting: RHB Jared Smith 0-0: Called Strike
0-1: Called Strike
0-2: Strikes out swinging
Batting: RHB Michael Collins 0-0: Called Strike
0-1: Ground out 6-3 (Groundball, 6M)
Bottom of the 2nd over - 0 run(s), 0 hit(s), 0 error(s), 0 left on base; Pawnee 2 - Alaskan 6
TOP OF THE 3RD
Pawnee ParksNRec batting - Pitching for Alaskan Humpbacks : RHP Roberto Perea
Batting: RHB Jim Unknown 0-0: Ball
1-0: Called Strike
1-1: Foul Ball, location: 2F
1-2: Ball
2-2: Fly out, F9 (Flyball, 9D)
Batting: LHB Mike Gardner 0-0: Foul Ball, location: 2F
0-1: Called Strike
0-2: Ball
1-2: Ball
2-2: Ball
3-2: DOUBLE (Line Drive, 3L)
Batting: RHB Jim Unknown 0-0: Called Strike
0-1: Ball
1-1: Swinging Strike
1-2: Ball
2-2: Foul Ball, location: 2F
2-2: Strikes out swinging
Batting: RHB Jim Unknown 0-0: Foul Ball, location: 2F
0-1: Ball
1-1: Ball
2-1: Swinging Strike
2-2: Strikes out looking
Top of the 3rd over - 0 run(s), 1 hit(s), 0 error(s), 1 left on base; Pawnee 2 - Alaskan 6
BOTTOM OF THE 3RD
Alaskan Humpbacks batting - Pitching for Pawnee ParksNRec : RHP Jim Unknown
Batting: RHB Grant Waller 0-0: Ball
1-0: Foul Ball, location: 2F
1-1: Ball
2-1: Fly out, F6 (Popup, 6M)
Batting: RHB Andrés Cota 0-0: Ball
1-0: SINGLE (Groundball, 56)
Batting: LHB Thomas Kemp 0-0: Fly out, F7 (Flyball, 78M)
Batting: RHB Fernando Camacho 0-0: Ball
1-0: Ball
2-0: Ball
3-0: Called Strike
3-1: Ground out 6-3 (Groundball, 6)
Bottom of the 3rd over - 0 run(s), 1 hit(s), 0 error(s), 1 left on base; Pawnee 2 - Alaskan 6
TOP OF THE 4TH
Pawnee ParksNRec batting - Pitching for Alaskan Humpbacks : RHP Roberto Perea
Batting: LHB Jim Unknown 0-0: Ball
1-0: Foul Ball, location: 2F
1-1: Ground out 5-3 (Groundball, 5)
Batting: LHB Jim Unknown 0-0: Ball
1-0: Called Strike
1-1: Fly out, F8 (Flyball, 8RS)
Batting: SHB Jim Unknown 0-0: Called Strike
0-1: Ball
1-1: Fly out, F6 (Popup, 6D)
Top of the 4th over - 0 run(s), 0 hit(s), 0 error(s), 0 left on base; Pawnee 2 - Alaskan 6
BOTTOM OF THE 4TH
Alaskan Humpbacks batting - Pitching for Pawnee ParksNRec : RHP Jim Unknown
Batting: RHB Akahele Kimokeo 0-0: Called Strike
0-1: Called Strike
0-2: Foul Ball, location: 2F
0-2: Ball
1-2: Ground out 4-3 (Groundball, 4)
Batting: RHB Tom Gregg 0-0: Ball
1-0: Swinging Strike
1-1: Ground out 6-3 (Groundball, 6MS)
Pitching: RHP Jim Unknown
Batting: RHB Ricardo García 0-0: Called Strike
0-1: Foul Ball, location: 2F
0-2: Strikes out swinging
Bottom of the 4th over - 0 run(s), 0 hit(s), 0 error(s), 0 left on base; Pawnee 2 - Alaskan 6
TOP OF THE 5TH
Pawnee ParksNRec batting - Pitching for Alaskan Humpbacks : RHP Roberto Perea
Batting: LHB Jim Unknown 0-0: Swinging Strike
0-1: Ball
1-1: Ball
2-1: Ground out 4-3 (Groundball, 4MD)
Batting: RHB Jim Unknown 0-0: SOLO HOME RUN (Flyball, 78XD), Distance : 428 ft
Batting: RHB Jim Unknown 0-0: Ground out 5-3 (Groundball, 5S)
Batting: LHB Mike Gardner 0-0: Foul Ball, location: 2F
0-1: Ball
1-1: Foul Ball, location: 2F
1-2: Ball
2-2: Foul Ball, location: 2F
2-2: Ball
3-2: Fly out, F8 (Flyball, 8RS)
Top of the 5th over - 1 run(s), 1 hit(s), 0 error(s), 0 left on base; Pawnee 3 - Alaskan 6
BOTTOM OF THE 5TH
Alaskan Humpbacks batting - Pitching for Pawnee ParksNRec : RHP Jim Unknown
Batting: RHB Jared Smith 0-0: Called Strike
0-1: Ball
1-1: Called Strike
1-2: Ball
2-2: Foul Ball, location: 2F
2-2: Ball
3-2: Base on Balls
Batting: RHB Michael Collins 0-0: Ball
1-0: Ball
2-0: Foul Ball, location: 2F
2-1: Ball
3-1: Fly out, F4 (Line Drive, 4M)
Batting: RHB Grant Waller 0-0: Called Strike
0-1: Ball
1-1: Ball
2-1: Ball
3-1: Swinging Strike
3-2: Foul Ball, location: 2F
3-2: Base on Balls
Jared Smith to second
Batting: RHB Andrés Cota 0-0: Called Strike
0-1: Swinging Strike
0-2: Hit by Pitch
Jared Smith to third
Grant Waller to second
Batting: LHB Thomas Kemp 0-0: Called Strike
0-1: Foul Ball, location: 2F
0-2: Ball
1-2: Foul Ball, location: 2F
1-2: DOUBLE (Groundball, 5L)
Jared Smith scores
Grant Waller scores
Andrés Cota to third
Batting: RHB Fernando Camacho 0-0: Ball
1-0: Swinging Strike
1-1: Foul Ball, location: 2F
1-2: Ground out 5-3 (Groundball, 56)
Andrés Cota scores
Batting: RHB Akahele Kimokeo 0-0: Ball
1-0: Called Strike
1-1: Ball
2-1: Ball
3-1: Foul Ball, location: 2F
3-2: Base on Balls
Batting: RHB Tom Gregg 0-0: Foul Ball, location: 2F
0-1: Ball
1-1: Ball
2-1: Ground out 5-3 (Groundball, 5)
Bottom of the 5th over - 3 run(s), 1 hit(s), 0 error(s), 2 left on base; Pawnee 3 - Alaskan 9
TOP OF THE 6TH
Pawnee ParksNRec batting - Pitching for Alaskan Humpbacks : RHP Roberto Perea
Batting: RHB Jim Unknown 0-0: Called Strike
0-1: Ball
1-1: Foul Ball, location: 2F
1-2: Foul Ball, location: 2F
1-2: Hit by Pitch
Batting: RHB Jim Unknown 0-0: Ball
1-0: Called Strike
1-1: Called Strike
Jim Unknown steals 2nd base
1-2: Ball
2-2: Foul Ball, location: 2F
2-2: Fly out, F7 (Flyball, 7LMF)
Pitching: RHP Pedro Pagán
Batting: LHB Jim Unknown 0-0: Ball
1-0: Foul Ball, location: 2F
1-1: Ball
2-1: Swinging Strike
2-2: Strikes out swinging
Batting: LHB Jim Unknown 0-0: Ball
1-0: Swinging Strike
1-1: Ball
2-1: Called Strike
2-2: Strikes out swinging
Top of the 6th over - 0 run(s), 0 hit(s), 0 error(s), 1 left on base; Pawnee 3 - Alaskan 9
BOTTOM OF THE 6TH
Alaskan Humpbacks batting - Pitching for Pawnee ParksNRec : RHP Jim Unknown
Pitching: LHP Jim Unknown
Batting: RHB Ricardo García 0-0: Called Strike
0-1: Ball
1-1: Ball
2-1: Ball
3-1: Foul Ball, location: 2F
3-2: Strikes out swinging
Batting: RHB Jared Smith 0-0: Swinging Strike
0-1: Called Strike
0-2: Strikes out swinging
Batting: RHB Michael Collins 0-0: Swinging Strike
0-1: Swinging Strike
0-2: Strikes out swinging
Bottom of the 6th over - 0 run(s), 0 hit(s), 0 error(s), 0 left on base; Pawnee 3 - Alaskan 9
TOP OF THE 7TH
Pawnee ParksNRec batting - Pitching for Alaskan Humpbacks : RHP Pedro Pagán
Now in CF: James Sorensen
Batting: SHB Jim Unknown 0-0: Ball
1-0: Called Strike
1-1: Called Strike
1-2: Ball
2-2: Foul Ball, location: 2F
2-2: Ball
3-2: Strikes out swinging
Batting: LHB Jim Unknown 0-0: SINGLE (Line Drive, 78M)
Batting: RHB Jim Unknown 0-0: Ball
1-0: Fly out, F8 (Popup, 8LS)
Batting: RHB Jim Unknown 0-0: Called Strike
0-1: Called Strike
0-2: Ball
1-2: Ball
2-2: Ball
3-2: Base on Balls
Jim Unknown to second
Batting: LHB Mike Gardner 0-0: Ball
1-0: Ball
2-0: Ball
3-0: Base on Balls
Jim Unknown to third
Jim Unknown to second
Batting: RHB Jim Unknown 0-0: Ball
1-0: Foul Ball, location: 2F
1-1: Ball
2-1: Foul Ball, location: 2F
2-2: Strikes out looking
Top of the 7th over - 0 run(s), 1 hit(s), 0 error(s), 3 left on base; Pawnee 3 - Alaskan 9
BOTTOM OF THE 7TH
Alaskan Humpbacks batting - Pitching for Pawnee ParksNRec : LHP Jim Unknown
Now at 2B: Jim Unknown
Batting: RHB Grant Waller 0-0: Ball
1-0: Ball
2-0: Ball
3-0: Base on Balls
Batting: RHB Andrés Cota 0-0: Ball
1-0: Called Strike
1-1: Foul Ball, location: 2F
1-2: SINGLE (Groundball, 56D)
Grant Waller to second
Batting: LHB Thomas Kemp 0-0: Swinging Strike
0-1: Ball
1-1: Called Strike
1-2: Ball
2-2: Strikes out swinging
Batting: RHB Fernando Camacho 0-0: Ball
1-0: DOUBLE (Flyball, 89S)
Grant Waller scores
Andrés Cota to third
Batting: RHB Akahele Kimokeo 0-0: Fly out, F7 (Flyball, 78XD)
Runner from 3rd tags up, SCORES, no throw
Batting: RHB Tom Gregg 0-0: Called Strike
0-1: Ball
1-1: Fly out, F9 (Flyball, 9LM)
Bottom of the 7th over - 2 run(s), 2 hit(s), 0 error(s), 1 left on base; Pawnee 3 - Alaskan 11
TOP OF THE 8TH
Pawnee ParksNRec batting - Pitching for Alaskan Humpbacks : RHP Pedro Pagán
Pitching: LHP Dale Stevens
Batting: RHB Jim Unknown 0-0: Called Strike
0-1: SINGLE (Line Drive, 4D)
Batting: LHB Jim Unknown 0-0: Called Strike
0-1: Foul Ball, location: 2F
0-2: Ball
1-2: Ball
2-2: Foul Ball, location: 2F
2-2: Foul Ball, location: 2F
2-2: Ground out 5-3 (Groundball, 5S)
Jim Unknown to second
Batting: LHB Jim Unknown 0-0: Ball
1-0: Called Strike
1-1: Ball
2-1: Ball
3-1: Foul Ball, location: 2F
3-2: Foul Ball, location: 2F
3-2: Fly out, F7 (Flyball, 7M)
Batting: SHB Jim Unknown 0-0: Ball
1-0: Called Strike
1-1: Foul Ball, location: 2F
1-2: Ball
2-2: DOUBLE (Line Drive, 7LD)
Jim Unknown scores
Batting: LHB Jim Unknown 0-0: Called Strike
0-1: Ground out 5-3 (Groundball, 5S)
Top of the 8th over - 1 run(s), 2 hit(s), 0 error(s), 1 left on base; Pawnee 4 - Alaskan 11
BOTTOM OF THE 8TH
Alaskan Humpbacks batting - Pitching for Pawnee ParksNRec : LHP Jim Unknown
Pitching: RHP Jim Unknown
Batting: RHB Ricardo García 0-0: Foul Ball, location: 2F
0-1: Called Strike
0-2: Ball
1-2: Ball
2-2: Ball
3-2: Foul Ball, location: 2F
3-2: Base on Balls
Batting: RHB Jared Smith 0-0: Ball
1-0: Foul Ball, location: 2F
1-1: Ball
2-1: Ball
3-1: Swinging Strike
3-2: Fly out, F9 (Flyball, 9D)
Batting: LHB James Sorensen 0-0: Called Strike
0-1: Ball
1-1: Called Strike
1-2: Foul Ball, location: 2F
1-2: Fly out, F2 (Popup, 15S)
Batting: RHB Grant Waller 0-0: Ball
1-0: Ball
2-0: Foul Ball, location: 2F
2-1: Fielders Choice at 2nd, U6 (Groundball, 6M)
Bottom of the 8th over - 0 run(s), 0 hit(s), 0 error(s), 1 left on base; Pawnee 4 - Alaskan 11
TOP OF THE 9TH
Pawnee ParksNRec batting - Pitching for Alaskan Humpbacks : LHP Dale Stevens
Batting: RHB Jim Unknown 0-0: Foul Ball, location: 2F
0-1: Ball
1-1: Ground out 6-3 (Groundball, 6M)
Batting: RHB Jim Unknown 0-0: Ball
1-0: Called Strike
1-1: SINGLE (Groundball, 6MD)
Batting: LHB Mike Gardner 0-0: Fielders Choice at 2nd, 6-4 (Groundball, 6M)
Batting: SHB Jim Unknown 0-0: Swinging Strike
0-1: Ball
1-1: Foul Ball, location: 2F
1-2: Ball
2-2: Foul Ball, location: 2F
2-2: Strikes out swinging
Top of the 9th over - 0 run(s), 1 hit(s), 0 error(s), 1 left on base; Pawnee 4 - Alaskan 11
This league is powered by Out of the Park Baseball, the baseball management simulation game for PC, Mac and Linux
Saturday, February 27th, 2021 - OOTP Baseball 15.6 Build 34